 Dungeon Crawl Stone Soup version 0.23-a0-837-ga3e6480 (webtiles) character file.

189 zishaf the Poker (level 5, -2/41 HPs)
             Began as a Merfolk Gladiator on Jan 25, 2019.
             Slain by Pikel
             ... wielding a +2 whip of freezing
              (3 damage)
             ... on level 3 of the Dungeon.
             The game lasted 00:07:28 (3445 turns).

zishaf the Poker (Merfolk Gladiator)                Turns: 3445, Time: 00:07:29

Health: -2/41      AC:  8    Str: 15    XL:     5   Next: 68%
Magic:  5/5        EV: 12    Int:  7    God:
Gold:   133        SH:  4    Dex: 16    Spells: 4/4 levels left

rFire    . . .     SeeInvis +   a - +0 trident
rCold    . . .     Gourm    .   p - +0 buckler
rNeg     . . .     Faith    .   y - +0 scale mail
rPois    .         Spirit   .   c - +0 helmet
rElec    .         Reflect  .   A - +0 cloak
rCorr    .         Harm     .   (no gloves)
MR       .....                  (no boots)
Stlth    ..........             (no amulet)
HPRegen  0.13/turn              q - ring of wizardry
MPRegen  0.09/turn              x - ring of see invisible

@: no status effects
A: change form in water, swift swim, stealthy swim
a: no special abilities


You were on level 3 of the Dungeon.
You were not hungry.

You visited 1 branch of the dungeon, and saw 4 of its levels.

You collected 133 gold pieces.

Inventory:

Hand Weapons
 a - a +0 trident (weapon)
 b - a +0 hunting sling
Missiles
 d - 3 throwing nets (quivered)
 m - 31 poisoned needles
 t - 70 stones
Armour
 c - a +0 helmet (worn)
 p - a +0 buckler (worn)
 y - a +0 scale mail (worn)
 A - a +0 cloak (worn)
Jewellery
 q - a ring of wizardry (left hand)
 r - an uncursed amulet of faith
 x - a ring of see invisible (right hand)
Wands
 l - a wand of iceblast (2)
Scrolls
 g - a scroll of fear {unknown}
 i - 4 scrolls of identify {unknown}
 k - a scroll of random uselessness {unknown}
 n - a scroll of magic mapping {unknown}
 o - 4 scrolls of remove curse {unknown}
 s - a scroll of immolation {unknown}
 v - 2 scrolls of enchant armour {unknown}
 C - a scroll of teleportation {unknown}
Potions
 e - a potion of brilliance {unknown}
 h - 3 potions of cancellation {unknown}
 j - 2 potions of heal wounds {unknown}
 u - 2 potions of curing {unknown}
 w - a potion of haste {unknown}
 z - a potion of lignification {unknown}
Comestibles
 f - 5 rations
 B - 3 chunks of flesh


   Skills:
 + Level 3.5 Fighting
 + Level 5.8 Polearms
 - Level 2.0 Throwing
 + Level 1.2 Armour
 + Level 5.2 Dodging
 + Level 1.6 Shields


You had 4 spell levels left.
You didn't know any spells.
Your spell library was empty.

Dungeon Overview and Level Annotations

Branches:
Dungeon (4/15)
 Temple: D:4-7

Altars:
Nemelex Xobeh

Annotations:
D:3 Pikel


Message History

Pikel is lightly wounded.
Pikel hits you with a +2 whip of freezing.
* * * LOW HITPOINT WARNING * * *
Pikel freezes you.
* * * LOW HITPOINT WARNING * * *
You hit Pikel.
Pikel is lightly wounded.
Pikel barely misses you.
You hit Pikel.
Pikel is moderately wounded.
Pikel hits you but does no damage.
You hit Pikel but do no damage.
Pikel is moderately wounded.
Pikel barely misses you.
You closely miss Pikel.
Pikel is moderately wounded.
Pikel hits you with a +2 whip of freezing!
* * * LOW HITPOINT WARNING * * *
Pikel freezes you.
You die...

.......)................#.....#
..##.#####...##.........###..##
..##.# ##.......>.......##.##
###..######............##.....#
###.###........#..##..###.....#
#.......######.##.##.## ##....#
...###### #..p###.# ###### .###
###K# #.# .# #@# #.# (# #.# #.#
## #.###.# # #..##.# ##.[..#
######


You could see Pikel and a slave.

Vanquished Creatures
  2 slaves (D:2)
  2 orc priests (D:3)
  6 adders
  A worm (D:2)
  A dart slug (D:2)
  3 leopard geckos
  6 orcs (D:3)
  5 giant cockroaches
  6 goblins
  8 hobgoblins
  6 jackals
  3 kobolds
  3 quokkas
  2 bats
  2 frilled lizards
  4 rats
60 creatures vanquished.

Notes
Turn   | Place    | Note
-------+----------+-------------------------------------------
     0 | D:1      | zishaf the Merfolk Gladiator began the quest for the Orb.
     0 | D:1      | Reached XP level 1. HP: 16/16 MP: 1/1
   168 | D:1      | Reached XP level 2. HP: 23/23 MP: 2/2
   699 | D:2      | Reached XP level 3. HP: 14/28 MP: 3/3
   702 | D:2      | Reached skill level 5 in Polearms
  1424 | D:2      | Found a sparkling altar of Nemelex Xobeh.
  1481 | D:2      | Reached XP level 4. HP: 33/35 MP: 4/4
  2085 | D:3      | Reached skill level 1 in Shields
  2091 | D:3      | Reached skill level 5 in Dodging
  2095 | D:3      | Reached skill level 1 in Armour
  2388 | D:3      | Reached XP level 5. HP: 39/41 MP: 5/5
  2989 | D:4      | Noticed Pikel
  2989 | D:4      | Noticed a slave
  2989 | D:4      | Noticed a slave
  2989 | D:4      | Noticed a slave
  2989 | D:4      | Noticed a slave
  3242 | D:2      | Killed a slave
  3245 | D:2      | Killed a slave
  3445 | D:3      | HP: 1/41 [Pikel/+2 whip of freezing (7)]
  3445 | D:3      | Slain by Pikel

Vault maps used:
D:1:      sevenhm_arrival_forest_fort_large_2, st_stairs_12,
          chequers_serial_rivers_small_a
D:2:      nemelex_altar_shiori
D:4:      nicolae_overflow_hidden_temple, kennysheep_mini_moat, first_ration,
          uniq_menkaure, uniq_pikel

Skill      XL: |  1  2  3  4 |
---------------+-------------+-----
Polearms       | 5 |  5.8
Fighting       | 3 |  3.5
Shields        | 1 |  1.6
Dodging        | 5 |  5.2
Armour         | 1 |  1.2
Throwing       | |  2.0

Action                   |  1- 3 |  4- 6 || total
-------------------------+-------+-------++-------
Melee: Trident           |    85 |   174 ||   259
 Fire: Hunting sling     |       |     6 ||     6
Evoke: Wand              |       |     1 ||     1
  Eat: Chunk             |     2 |     6 ||     8
Armor: Leather armour    |     6 |       ||     6
       Chain mail        |    26 |   149 ||   175
       Scale mail        |       |    19 ||    19
Dodge: Dodged            |    29 |   135 ||   164
Block: Buckler           |     2 |    57 ||    59

Table legend:
 A = Non-vault XP
 B = Vault XP
 C = Vault XP percentage of total XP
 D = Non-vault monster count
 E = Vault monster count
 F = Vault count percentage of total count
                 A         B        C        D         E       F
            +---------+---------+-------+---------+---------+-------
      Total |     266 |       4 |   1.5 |      55 |       3 |   5.2
            +---------+---------+-------+---------+---------+-------
        D:1 |      18 |       4 |  18.2 |       8 |       3 |  27.3
        D:2 |      84 |       0 |   0.0 |      23 |       0 |   0.0
        D:3 |     164 |       0 |   0.0 |      24 |       0 |   0.0
            +---------+---------+-------+---------+---------+-------
